 Dungeon Crawl Stone Soup version 0.30-a0-587-gfd7c166f36 (webtiles) character file.

Game seed: 18065652059081164622

1642 Citaku the Protected (level 8, -15/71 HPs)
             Began as a Minotaur Fighter on Jan 4, 2023.
             Was a Believer of Trog.
             Demolished by an orc warrior
             ... wielding a +4 battleaxe of electrocution
              (18 damage)
             ... on level 6 of the Dungeon.
             The game lasted 00:10:21 (5732 turns).

Citaku the Protected (Minotaur Fighter)             Turns: 5732, Time: 00:10:22

Health: -15/71     AC:  8    Str: 24    XL:     8   Next: 67%
Magic:  7/7        EV:  9    Int:  5    God:    Trog [**....]
Gold:   295        SH:  9    Dex: 11    Spells: 7/7 levels left

rFire   x . .      SeeInvis .    a - +1 war axe
rCold   + . .      Faith    .    c - +0 buckler
rNeg    . . .      Spirit   .    b - +0 scale mail
rPois   .          Reflect  +    (helmet restricted)
rElec   .          Harm     .    (no cloak)
rCorr   .          Rampage  .    (no gloves)
Will    +....                    (no boots) Stlth
                                 u - amulet of Teol {Reflect Str+2 SH+5}
HPRegen 0.31/turn                l - ring of willpower
MPRegen 0.10/turn                m - ring of protection from cold

@: mighty
A: horns 2, retaliatory headbutt, claws 1, heat vulnerability 1
a: Renounce Religion, Berserk, Trog's Hand


You were on level 6 of the Dungeon.
You worshipped Trog.
Trog was pleased with you.
You visited 1 branch of the dungeon, and saw 6 of its levels.

You collected 370 gold pieces.
You spent 75 gold pieces at shops.

Inventory:

Hand Weapons
 a - a +1 war axe (weapon)
Missiles
 e - a throwing net (quivered)
Armour
 b - a +0 scale mail (worn)
 c - a +0 buckler (worn)
Jewellery
 l - a ring of willpower (left claw)
 m - a ring of protection from cold (right claw)
 u - the amulet of Teol (around neck) {Reflect Str+2 SH+5}
   (You acquired it on level 4 of the Dungeon)

   [amulet of reflection]

   It reflects blocked missile attacks.
   Str:       It affects your strength (+2).
   SH:        It affects your SH (+5).
Wands
 i - a wand of mindburst (11)
Scrolls
 f - a scroll of butterflies
 g - a scroll of identify
 j - 2 scrolls of magic mapping
 n - a scroll of fog
 q - 4 scrolls of teleportation
 w - 2 scrolls of silence
Potions
 d - a potion of cancellation {unknown}
 h - 4 potions of heal wounds
 k - 5 potions of curing
 p - a potion of lignification


   Skills:
 + Level 6.8 Fighting
 * Level 8.7 Axes
 * Level 9.2 Armour
 - Level 3.6 Shields


You had 7 spell levels left.
You didn't know any spells.
Your spell library contained the following spells:

 Spells                   Type           Power      Damage    Failure   Level
 Magic Dart               Conj           0%         1d3       83%         1
 Sting                    Tmut/Pois      0%         1d3       83%         1
 Poisonous Vapours        Pois/Air       0%         N/A       92%         2
 Searing Ray              Conj           0%         2d4       92%         2
 Inner Flame              Hex/Fire       0%         N/A       99%         3
 Cause Fear               Hex            0%         N/A       100%        4
 Fulminant Prism          Conj/Hex       0%         3d5       100%        4
 Olgreb's Toxic Radiance  Pois           0%         N/A       100%        4
 Discord                  Hex            0%         N/A       100%        8


Dungeon Overview and Level Annotations

Branches:
Dungeon (6/15)             Temple (0/1) D:6

Altars:
Hepliaklqana
Trog

Shops:
D:3 ?   D:5 !


Innate Abilities, Weirdness & Mutations

You have a pair of horns on your head.
You reflexively headbutt those who attack you in melee.
You have sharp fingernails.
You are vulnerable to heat. (rF-)


Message History

Trog accepts your kill.
The orc warrior hits you with a +4 battleaxe of electrocution!
You completely miss the orc warrior.
The orc warrior is heavily wounded.
You hit the orc wizard. The orc warrior completely misses you.
You block the orc wizard's attack.
You closely miss the orc warrior. You headbutt the orc warrior.
The orc warrior is heavily wounded.
You slash the orc wizard! The orc warrior barely misses you.
You block the orc wizard's attack.
An orc comes into view. It is wielding a +0 hand axe.
You slash the orc warrior!
The orc warrior is severely wounded.
You barely miss the orc wizard.
The orc warrior hits you with a +4 battleaxe of electrocution!
The orc wizard misses you.
You slash the orc warrior!
The orc warrior is almost dead.
You hit the orc wizard. You block the orc warrior's attack.
The orc wizard completely misses you. You furiously retaliate!
You headbutt the orc wizard!!
You kill the orc wizard!
Trog accepts your kill.
Trog appreciates your killing of a magic user.
You barely miss the orc warrior.
The orc warrior is almost dead.
You slash the orc!
You kill the orc!
Trog accepts your kill. You block the orc warrior's attack.
You barely miss the orc warrior. Your headbutt misses the orc warrior.
The orc warrior is almost dead.
You completely miss the orc.
The orc warrior hits you with a +4 battleaxe of electrocution!
* * * LOW HITPOINT WARNING * * *
You block the orc's attack.
The orc warrior hits you with a +4 battleaxe of electrocution!
* * * LOW HITPOINT WARNING * * *
You are electrocuted!!
You die...

****,,,*,*
,,,,,,,*,***********
,,,,,,,*,,,,,,,,,,,*
,,,,,,,********###,*
################.#,*
...#≈~≈≈#).......#,#
#.##~≈~≈##.#####<#.#####*****
#..'≈~≈~'..# ###......,,,,*
####~≈~≈####** #@o......***,*
#≈~≈≈#,,,,* #o#####.#* *,*
##*######,,,,* #.# *,* *,*
.#*,,,,,,,,,,* #.# *,* *,*
.#*,,,,,,,,,,* #.# *,* *,*
.#*,,,,,,,,,,* #.# *,* *,*
##*,,,,,,,,,,* #.####*,* *,*
*,,,,,,,,,,* #....#*,****,*
*,,,,,,,,,,* ####.#*,,,,,,*


You could see an orc warrior and an orc.

Vanquished Creatures
  Sigmund (D:2)
  A steam dragon (D:6)
  A black bear (D:6)
  An ice beast (D:6)
  A sky beast (D:6)
  2 ogres
  A phantom (D:4)
  A scorpion (D:6)
  3 hounds (D:6)
  A jelly (D:5)
  4 orc priests
  A gnoll bouda (D:5)
  Natasha (D:2)
  4 iguanas
  5 orc wizards
  4 gnolls (D:5)
  12 adders
  2 shadow imps
  A worm (D:2)
  A dart slug (D:1)
  14 orcs
  2 endoplasms
  6 giant cockroaches
  6 goblins
  8 hobgoblins
  8 kobolds
  5 quokkas
  4 ball pythons
  7 bats
  3 frilled lizards
  4 rats
115 creatures vanquished.

Vanquished Creatures (others)
  A giant cockroach (D:2)
1 creature vanquished.

Grand Total: 116 creatures vanquished

Notes
Turn   | Place    | Note
-------+----------+-------------------------------------------
     0 | D:1      | Citaku the Minotaur Fighter began the quest for the Orb.
     0 | D:1      | Reached XP level 1. HP: 19/19 MP: 0/0
   186 | D:1      | Reached XP level 2. HP: 27/27 MP: 1/1
   226 | D:1      | Found a faded altar of an unknown god.
   235 | D:1      | Reached skill level 4 in Armour
   914 | D:2      | Noticed Sigmund
   924 | D:2      | Killed Sigmund
   925 | D:2      | Reached skill level 5 in Armour
   925 | D:2      | Reached XP level 3. HP: 11/34 MP: 2/2
   925 | D:2      | Reached XP level 4. HP: 13/41 MP: 3/3
   925 | D:2      | Reached XP level 5. HP: 15/47 MP: 4/4
  1418 | D:2      | Noticed Natasha
  1426 | D:2      | Killed Natasha
  1930 | D:3      | Reached skill level 5 in Axes
  1939 | D:3      | Found a hazy altar of Hepliaklqana.
  2077 | D:3      | Found a bloodstained altar of Trog.
  2138 | D:3      | Identified the ring of Fettydimn {rF- rN+++ Str-2 Dex+6
                  | SInv}
  2164 | D:3      | Became a worshipper of Trog the Wrathful
  2206 | D:3      | Found Daniurosem's Magic Scroll Shoppe.
  2677 | D:4      | Noticed a phantom
  2683 | D:4      | Killed a phantom
  2684 | D:4      | Reached skill level 6 in Armour
  2684 | D:4      | Reached XP level 6. HP: 42/55 MP: 5/5
  2993 | D:4      | Reached skill level 5 in Fighting
  3210 | D:4      | Identified a scroll of acquirement
  3211 | D:4      | Acquired the amulet of Teol {Reflect Str+2 SH+5}
  3241 | D:4      | Gained mutation: You are vulnerable to heat. (rF-) [potion
                  | of mutation]
  3241 | D:4      | Gained mutation: You have sharp fingernails. [potion of
                  | mutation]
  3679 | D:5      | Entered Level 5 of the Dungeon
  3679 | D:5      | Found Xihiecip's Distillery.
  3905 | D:5      | Bought a potion of heal wounds for 75 gold pieces
  3997 | D:5      | Reached XP level 7. HP: 51/61 MP: 6/6
  4071 | D:5      | Reached * piety under Trog
  4077 | D:5      | Reached skill level 7 in Armour
  5073 | D:6      | Reached skill level 8 in Armour
  5073 | D:6      | Reached XP level 8. HP: 70/70 MP: 7/7
  5306 | D:6      | Reached ** piety under Trog
  5600 | D:6      | Reached skill level 9 in Armour
  5732 | D:6      | HP: 3/71 [orc warrior/+4 battleaxe of electrocution (9)]
  5732 | D:6      | Demolished by an orc warrior

Illustrated notes

Levels and vault maps discovered:
D:1:      eino_arrival_cavern_a, layout_loops_ring,
          hellmonk_ecumenical_altar_blasted, kennysheep_pointless_box
D:2:      layout_basic, uniq_natasha, uniq_sigmund
D:3:      layout_loops_ring, marbit_many_paths, mainiacjoe_overflow_24_doors,
          serial_shops, shop
D:4:      layout_rooms, serial_bayou_pond_a
D:5:      layout_basic, serial_shops, shop, minmay_misc_feat_alley
D:6:      layout_basic, nicolae_gozag_cash_rules_everything_around_me,
          minmay_temple_entry_antechambers, serial_rivers,
          chequers_serial_rivers_micro_a, chequers_serial_rivers_room_b,
          chequers_serial_rivers_large_a, chequers_serial_rivers_small_a,
          chequers_serial_rivers_micro_b, minmay_joined_circles

Skill      XL: |  1  2  3  4  5  6  7  8 |
---------------+-------------------------+-----
Armour         | 5 6 8 9 |  9.2
Axes           | 4 5 6 7 8 |  8.7
Fighting       | 4 5 6 |  6.8
Shields        | |  3.6

Action                   |  1- 3 |  4- 6 |  7- 9 || total
-------------------------+-------+-------+-------++-------
Melee: War axe           |    53 |   100 |   129 ||   282
       Headbutt          |     1 |    12 |    23 ||    36
  Use: Potion            |     1 |     6 |     2 ||     9
       Scroll            |       |     4 |     5 ||     9
Armor: Scale mail        |    42 |    52 |    44 ||   138
Dodge: Dodged            |    32 |    54 |    31 ||   117
Block: Buckler           |    13 |    41 |    47 ||   101

Table legend: (Time is in decaauts)
 A = Elapsed time spent in this place.
 B = Non-inter-level travel time spent in this place.
 C = Inter-level travel time spent in this place.
 D = Time resting spent in this place.
 E = Time spent auto-exploring this place.
 F = Levels seen in this place.
 G = Mean time per level.
                   A        B        C        D        E       F      G
               +--------+--------+--------+--------+--------+-----+--------+
         Total |   5829 |   5829 |      0 |    959 |   3535 |   6 |  971.5 |
       Dungeon |   5829 |   5829 |      0 |    959 |   3535 |   6 |  971.5 |
               +--------+--------+--------+--------+--------+-----+--------+

Top non-repeatable levels by time:
     D:5: 1267 daAuts
     D:2: 1041 daAuts
     D:4: 1017 daAuts
     D:6: 834 daAuts
     D:1: 834 daAuts
     D:3: 833 daAuts
